 Dungeon Crawl Stone Soup version 0.28.0-47-ge53b351184 (webtiles) character file.

Game seed: 14414826348112853926

1953 Exodus22XD the Thaumaturge (level 8, 0/41 HPs)
             Began as a Deep Elf Conjurer on Apr 29, 2022.
             Was a Follower of Vehumet.
             Killed from afar by Maggie (13 damage)
             ... with a bolt of fire
             ... on level 6 of the Dungeon.
             The game lasted 00:16:21 (6683 turns).

Exodus22XD the Thaumaturge (Deep Elf Conjurer)      Turns: 6683, Time: 00:16:22

Health: 0/41       AC:  7    Str:  4    XL:     8   Next: 99%
Magic:  9/24       EV: 17    Int: 26    God:    Vehumet [*.....]
Gold:   306        SH:  5    Dex: 13    Spells: 19/27 levels left

rFire   . . .      SeeInvis +   x - +0 whip (elec)
rCold   . . .      Faith    .   (no shield)
rNeg    + . .      Spirit   .   t - +1 robe {rN+}
rPois   .          Reflect  +   m - +0 helmet
rElec   .          Harm     .   c - +0 cloak
rCorr   .          Rampage  .   u - +0 pair of gloves
Will    .....                   r - +0 pair of boots
Stlth   ++........              d - amulet of reflection
HPRegen 0.13/turn               h - +4 ring of evasion
MPRegen 0.19/turn               a - ring of see invisible

@: mesmerised
A: no striking features
a: Renounce Religion


You were on level 6 of the Dungeon.
You worshipped Vehumet.
Vehumet was aware of your devotion.
You visited 2 branches of the dungeon, and saw 7 of its levels.

You collected 306 gold pieces.

Inventory:

Hand Weapons
 x - a +0 whip of electrocution (weapon)
Missiles
 k - 2 throwing nets
Armour
 c - a +0 cloak (worn)
 m - a +0 helmet (worn)
 r - a +0 pair of boots (worn)
 t - a +1 robe of positive energy (worn)
 u - a +0 pair of gloves (worn)
Jewellery
 a - a ring of see invisible (right hand)
 d - an amulet of reflection (around neck)
 h - a +4 ring of evasion (left hand)
 j - a +4 ring of evasion
 n - an amulet of regeneration
Wands
 s - a wand of charming (7)
Scrolls
 e - 5 scrolls of identify {unknown}
 f - 3 scrolls of teleportation
 g - a scroll of amnesia {unknown}
 o - a scroll of acquirement {unknown}
 p - a scroll of holy word {unknown}
 v - a scroll of enchant armour {unknown}
 w - a scroll of blinking {unknown}
Potions
 b - a potion of degeneration {unknown}
 i - a potion of curing {unknown}
 l - a potion of cancellation {unknown}
 q - a potion of attraction {unknown}
 z - a potion of brilliance {unknown}
 A - a potion of mutation {unknown}
 B - a potion of flight {unknown}


   Skills:
 + Level 4.5 Dodging
 - Level 2.4 Stealth
 - Level 10.4 Spellcasting
 - Level 10.1 Conjurations


You had 19 spell levels left.
You knew the following spells:

 Your Spells              Type           Power      Damage    Failure   Level
a - Magic Dart            Conj           100%       1d8       1%          1
b - Searing Ray           Conj           100%       2d8       1%          2
c - Conjure Flame         Conj/Fire      39%        6-21      1%          3
d - Blink                 Tloc           26%        N/A       7%          2

Your spell library contained the following spells:

 Spells                   Type           Power      Damage    Failure   Level
 Shock                    Conj/Air       100%       1d9       1%          1
 Dazzling Flash           Conj/Hex       78%        N/A       1%          3
 Fulminant Prism          Conj/Hex       19%        3d11      5%          4
 Iskenderun's Mystic Bla  Conj/Tloc      39%        2d9       5%          4
 Sticky Flame             Conj/Fire      39%        2d6       5%          4
 Ignite Poison            Fire/Tmut/Pois 13%        N/A       13%         3
 Inner Flame              Hex/Fire       13%        N/A       13%         3
 Cause Fear               Hex            6%         N/A       41%         4
 Manifold Assault         Tloc           13%        N/A       77%         5
 Storm Form               Tmut/Air       6%         N/A       100%        7
 Discord                  Hex            6%         N/A       100%        8


Dungeon Overview and Level Annotations

Branches:
Dungeon (6/15)             Temple (1/1) D:5

Altars:
Trog
Vehumet
Wu Jian

Shops:
D:3 !

Annotations:
D:6 Maggie


Message History

The searing ray hits Maggie.
Maggie is lightly wounded. (Press . to maintain the ray.)
The searing ray hits Maggie.
Maggie is moderately wounded.
The searing ray misses Maggie.
The searing ray hits Maggie!
Maggie is moderately wounded.
You finish channelling your searing ray.
Maggie casts a spell.
Maggie attempts to bespell you!
You are mesmerised by Maggie!
Casting: Searing Ray (safe; 1% risk of failure)
Confirm with . or Enter, or press ? or * to list all spells.
Aiming: Searing Ray (safe; 1% risk of failure)
Press: ? - help, Shift-Dir - straight line, f/p - Maggie
Aim: Maggie, wielding a +1 war axe of distortion and wearing +0 acid dragon scales (moderately wounded, mesmerising, 83% to hit)
The searing ray hits Maggie.
Maggie is heavily wounded. (Press . to maintain the ray.)
The searing ray hits Maggie.
Maggie is heavily wounded.
The searing ray misses Maggie.
Maggie points at you and mumbles some strange words.
The bolt of fire hits you!!
Ouch! That really hurt!
The searing ray hits Maggie.
Maggie is heavily wounded.
You finish channelling your searing ray.
Casting: Searing Ray (safe; 1% risk of failure)
Confirm with . or Enter, or press ? or * to list all spells.
Aiming: Searing Ray (safe; 1% risk of failure)
Press: ? - help, Shift-Dir - straight line, f/p - Maggie
Aim: Maggie, wielding a +1 war axe of distortion and wearing +0 acid dragon scales (heavily wounded, mesmerising, 83% to hit)
The searing ray hits Maggie!
Maggie is severely wounded. (Press . to maintain the ray.) Maggie casts a spell at you.
The bolt of fire hits you!
You die...

###..####..#........# #..##
.....####..#.....#########..)#
.............................#
.......).................#...# .
##..#####..##............#...##..
..............................#.#
##..######.######.##.##..#......#
....# #.######.##.....#.##.#.#
....######......@..ยง@.........>.#
##.........######'#####.##..#.#.#
###.######.# #......###+##.......
.##.# ###+###................#.#
.##.# #...................?..+
.'..# #...................PPPPP
^##.####...................P.....
.+.....'......###+##.......PPP.P.
.##.####......# ###.###P .P.


You could see Maggie (mesmerising).

Vanquished Creatures
  Pikel (D:5)
  Grinder (D:6)
  Sigmund (D:6)
  A black bear (D:5)
  2 phantoms (D:5)
  3 scorpions
  2 water moccasin skeletons
  A howler monkey (D:6)
  A jelly (D:5)
  A centaur skeleton (D:6)
  An orc priest (D:5)
  2 bullfrog skeletons
  A gnoll shaman (D:4)
  3 iguanas (D:5)
  A scorpion zombie (D:5)
  Robin (D:2)
  A howler monkey skeleton (D:5)
  7 adders
  14 gnolls
  An ufetubus (D:4)
  A worm (D:3)
  2 dart slugs
  9 orcs
  7 ball pythons
  5 endoplasms
  2 giant cockroaches
  12 goblins
  12 hobgoblins
  2 jackals (D:1)
  8 kobolds
  3 quokkas
  5 bats
  4 frilled lizards
  5 rats
123 creatures vanquished.

Notes
Turn   | Place    | Note
-------+----------+-------------------------------------------
     0 | D:1      | Exodus22XD the Deep Elf Conjurer began the quest for the
                  | Orb.
     0 | D:1      | Reached XP level 1. HP: 10/10 MP: 6/6
   293 | D:1      | Reached XP level 2. HP: 15/15 MP: 5/9
  1011 | D:1      | Learned a level 2 spell: Searing Ray
  1037 | D:2      | Reached skill level 5 in Spellcasting
  1037 | D:2      | Reached XP level 3. HP: 19/19 MP: 4/11
  1209 | D:2      | Reached XP level 4. HP: 24/24 MP: 9/14
  1412 | D:2      | Noticed Robin
  1421 | D:2      | Killed Robin
  1750 | D:2      | Learned a level 3 spell: Conjure Flame
  2613 | D:3      | Reached XP level 5. HP: 20/28 MP: 6/16
  2754 | D:3      | Found Waife's Distillery.
  3172 | D:3      | Reached XP level 6. HP: 25/32 MP: 12/19
  4622 | D:5      | Entered Level 5 of the Dungeon
  4635 | D:5      | Found a staircase to the Ecumenical Temple.
  4741 | Temple   | Entered the Ecumenical Temple
  4760 | Temple   | Became a worshipper of Vehumet
  4831 | D:5      | Reached skill level 10 in Spellcasting
  4893 | D:5      | Reached XP level 7. HP: 36/36 MP: 16/22
  4971 | D:5      | Reached skill level 5 in Conjurations
  5653 | D:5      | Noticed Pikel
  5662 | D:5      | Killed Pikel
  5663 | D:5      | Reached XP level 8. HP: 41/41 MP: 13/24
  5799 | D:6      | Learned a level 2 spell: Blink
  5814 | D:6      | Noticed Sigmund
  5839 | D:6      | Killed Sigmund
  6099 | D:6      | Reached * piety under Vehumet
  6099 | D:6      | Offered knowledge of Shock by Vehumet.
  6163 | D:6      | Noticed Grinder
  6179 | D:6      | Reached skill level 10 in Conjurations
  6181 | D:6      | Paralysed by Grinder for 2 turns
  6191 | D:6      | Killed Grinder
  6658 | D:6      | Noticed Maggie
  6683 | D:6      | Killed from afar by Maggie

Illustrated notes

Levels and vault maps discovered:
D:1:      minmay_arrival_plants_in_alcoves, layout_basic
D:2:      layout_rooms, serial_co_window_serial, co_window_paths_b,
          co_window_of_opportunity_a, co_window_paths_b,
          co_window_of_opportunity_a, co_window_paths_b, co_window_corner_cb,
          co_window_corner_b, co_window_corner_ca, co_window_cross_2,
          co_window_broadway_c, co_window_broadway_c, glass_columns_b,
          uniq_robin
D:3:      layout_basic, serial_shops, shop_statue, minmay_misc_feat_square,
          small_statue_intersection
D:4:      layout_cave_pools, minivault_24
D:5:      layout_basic, minmay_temple_entry_proselytizer, uniq_pikel
D:6:      layout_basic, minmay_hedge_maze, uniq_sigmund, uniq_maggie,
          uniq_grinder
Temple:   mainiacjoe_temple_hex_bubbles

Skill      XL: |  1  2  3  4  5  6  7  8 |
---------------+-------------------------+-----
Spellcasting   | 4 5 6 7 8 10 | 10.4
Conjurations   | 8 10 | 10.1
Dodging        | 4 |  4.5
Stealth        | |  2.4

Action                   |  1- 3 |  4- 6 |  7- 9 || total
-------------------------+-------+-------+-------++-------
Melee: Whip              |       |       |     1 ||     1
 Cast: Magic Dart        |    49 |   107 |    71 ||   227
       Searing Ray       |     3 |    18 |    31 ||    52
       Conjure Flame     |       |       |     4 ||     4
  Use: Scroll            |       |     1 |       ||     1
Armor: Robe              |       |     2 |     5 ||     7
Dodge: Dodged            |     2 |    25 |     9 ||    36
Block: Other             |       |     5 |     3 ||     8
       Reflection        |       |     1 |       ||     1
